 Dungeon Crawl Stone Soup version 0.31-a0-542-gdc2a67831c (webtiles) character file.

Game seed: 13256117538210611236

23582 spiderkeys the Geomancer (level 13, -20/88 HPs)
             Began as an Octopode Shapeshifter on Aug 14, 2023.
             Was an Initiate of Gozag.
             Demolished by a boulder beetle (23 damage)
             ... on level 13 of the Dungeon.
             The game lasted 00:26:07 (11337 turns).

spiderkeys the Geomancer (Octopode Shapeshifter)   Turns: 11337, Time: 00:26:08

Health: -20/88     AC:  9    Str: 29    XL:     13   Next: 7%
Magic:  20/20      EV: 16    Int: 17    God:    Gozag
Gold:   1215       SH:  0    Dex: 14    Spells: 4/22 levels left

rFire   + . .        r - +4 quarterstaff (spect)
rCold   . . .        (shield currently unavailable)
rNeg    . . .        (helmet currently unavailable)
rPois   .            g - amulet of regeneration
rElec   .            S - +6 ring of strength
rCorr   .            I - +6 ring of intelligence
SInv    .            F - ring of protection from fire
Will    .....        O - +4 ring of protection
Stlth   ++           o - +4 ring of protection
HPRegen 1.14/turn    s - +6 ring of strength
MPRegen 0.17/turn    (no ring)
                     (no ring)

%: no passive effects
@: beast-form
A: beast (slay +4), almost no armour, amphibious, 8 rings, camouflage 1,
gelatinous body 1, (nimble swimmer 1), tentacles
a: Begin Untransformation, Renounce Religion, Potion Petition, Call Merchant,
Bribe Branch


You were on level 13 of the Dungeon.
You worshipped Gozag.
Gozag was most pleased with you.
You were a hulking beast.
You visited 2 branches of the dungeon, and saw 14 of its levels.
You visited 1 bazaar.

You collected 2503 gold pieces.
You spent 806 gold pieces at shops.
You paid 482 gold pieces to Gozag.


Innate Abilities, Weirdness & Mutations

You are a hulking beast.
Your limbs bulge with bestial killing power. (Slay +4)
You cannot wear most types of armour.
You are amphibious.
You can wear up to eight rings at the same time.
Your skin changes colour to match your surroundings (Stealth+).
Your rubbery body absorbs attacks. (AC +1, EV +1)
((You are camouflaged when in or above water. (Stealth+)))
You have tentacles for arms and can constrict up to eight enemies at once.


   Skills:
 - Level 8.0 Fighting
 - Level 5.0 Staves
 - Level 8.0 Dodging
 - Level 6.4 Unarmed Combat
 - Level 5.0 Spellcasting
 - Level 8.0 Necromancy
 - Level 5.0 Translocations
 + Level 10.7 Earth Magic
 - Level 7.2 Shapeshifting


You had 4 spell levels left.
You knew the following spells:

 Your Spells              Type           Power      Damage    Failure   Level
b - Blink                 Tloc           42%        N/A       2%          2
g - Gell's Gravitas       Tloc           21%        N/A       5%          3
l - Lee's Rapid Deconstr  Erth           20%        3d12*     4%          5
t - Teleport Other        Tloc           21%        N/A       5%          3
v - Borgnjor's Vile Clut  Necr/Erth      18%        N/A       9%          5

Your spell library contained the following spells:

 Spells                   Type           Power      Damage    Failure   Level
 Kiss of Death            Conj/Necr      68%        2d10      2%          1
 Lesser Beckoning         Tloc           42%        N/A       2%          2
 Dispel Undead            Necr           31%        3d14      5%          4
 Cigotuvi's Dreadful Rot  Necr/Pois/Air  26%        N/A       8%          2
 Momentum Strike          Conj/Tloc      24%        3d8       8%          2
 Summon Small Mammal      Summ           16%        N/A       14%         1
 Call Canine Familiar     Summ           4%         N/A       38%         3
 Confusing Touch          Hex            4%         N/A       38%         3
 Summon Guardian Golem    Hex/Summ       4%         N/A       38%         3
 Summon Lightning Spire   Summ/Air       4%         N/A       80%         4
 Orb of Destruction       Conj           2%         9d5       100%        7
 Spellforged Servitor     Conj/Summ      2%         N/A       100%        7
 Infestation              Necr           15%        N/A       100%        8
 Animate Armour           Summ/Erth      Unusable   N/A       N/A         4

Inventory:

Hand Weapons
 m - the +4 quarterstaff "Wiuwkyid" {drain, rPois}
   (You found it on level 6 of the Dungeon)

   rPois:     It protects you from poison
 q - the +3 war axe of the Pillar {venom, rN+ Dex+4}
   (You found it on level 7 of the Dungeon)

   Dex+4:     It affects your dexterity (+4).
   rN+:       It protects you from negative energy.
 r - a +4 spectral quarterstaff (weapon)
   (You found it on level 6 of the Dungeon)
 J - the +6 morningstar of Blind Justice {drain, Int+5 Dex-4}
   (You found it on level 11 of the Dungeon)

   Int+5:     It affects your intelligence (+5).
   Dex-4:     It affects your dexterity (-4).
Missiles
 d - 143 stones
 e - 19 boomerangs
 k - 8 curare-tipped darts {=f}
 n - 43 poisoned darts
 p - 3 throwing nets {=f!f}
 E - 2 javelins
Armour
 j - the orb of Vehumet's Delight {*channel, Harm rElec}
   (You found it on level 2 of the Dungeon)

   rElec:     It insulates you from electricity.
   Harm:      It increases damage dealt and taken.
Jewellery
 g - an amulet of regeneration (around mantle)
   (You found it on level 2 of the Dungeon)
 o - a +4 ring of protection (on tentacle)
   (You found it on level 9 of the Dungeon)
 s - a +6 ring of strength (on tentacle)
   (You found it on level 11 of the Dungeon)
 F - a ring of protection from fire (on tentacle)
   (You found it on level 7 of the Dungeon)
 G - an amulet of guardian spirit
   (You found it on level 9 of the Dungeon)
 I - a +6 ring of intelligence (right tentacle)
   (You found it on level 2 of the Dungeon)
 L - a ring of flight
   (You found it on level 12 of the Dungeon)
 O - a +4 ring of protection (on tentacle)
   (You found it on level 7 of the Dungeon)
 S - a +6 ring of strength (left tentacle)
   (You found it on level 2 of the Dungeon)
Talismans
 b - a beast talisman (active)
 c - a flux talisman
 C - a blade talisman
   (You found it on level 12 of the Dungeon)
Wands
 u - a wand of flame (52)
   (You found it on level 7 of the Dungeon)
 v - a wand of polymorph (6)
   (You found it on level 7 of the Dungeon)
 z - a wand of iceblast (7)
   (You found it on level 8 of the Dungeon)
 A - a wand of charming (20)
   (You found it on level 9 of the Dungeon)
Scrolls
 f - 2 scrolls of poison {!r}
 l - 5 scrolls of enchant armour
 x - 2 scrolls of teleportation {@r4}
 y - 2 scrolls of identify {@r1}
Potions
 a - 3 potions of lignification {!q}
 h - 3 potions of attraction {!q}
 i - 2 potions of berserk rage {!q}
 t - 2 potions of might
 w - 4 potions of brilliance
 B - 2 potions of curing {@q1}
 D - 3 potions of mutation {!q}
 H - 2 potions of magic
 K - a potion of ambrosia
 M - a potion of invisibility
 P - a potion of heal wounds {@q2}

Dungeon Overview and Level Annotations

Branches:
Dungeon (13/15) Zot: 26928  Temple (1/1) D:6 Zot: 5860    Lair (0/5) D:10
    Orc (0/2) D:9
 Vaults: D:13-14

Altars:
Ashenzari
Cheibriados
Dithmenos
Elyvilon
Fedhas
Gozag
Hepliaklqana
Kikubaaqudgha
Makhleb
Nemelex Xobeh
Okawaru
Qazlal
Ru
Sif Muna
Trog
Uskayaw
Vehumet
Wu Jian
Xom
Yredelemnul
Zin
The Shining One

Shops:
D:5 *[*   D:9 [*?(:[

Portals:
Trove: D:10 (give +7 demon trident)

Annotations:
D:4 1 runed translucent door, bcImEvil's ghost, amateur HuWn
D:10 2 runed translucent doors, notthatgreg's ghost, novice DEEn
D:12 1 transporter, pokeman's ghost, journeyman DEHW

#..............#
##
..............##
.......!......#
..............#
..............#
.............##
..<..........#
......B......#
.......h....##
.......Q...##
.........###
#.......##
##....#..
##.###.. ## ##.
#.


You could see a boulder beetle and a tengu warrior (fleeing).


Message History

😕 HP[+1]
The wraith is distracted by your dazzling golden aura.
Items here: $ ) / = [. 😕 HP[+1] 😕 HP[+1]
You hit the wraith.
The wraith is no longer distracted by gold.
Your +4 spectral quarterstaff barely misses the wraith.
The wraith closely misses you. 😕 HP[+1]
You closely miss the wraith. You tentacle-slap the wraith.
Your +4 spectral quarterstaff barely misses the wraith.
The wraith misses you. 😕 HP[+1]
You hit the wraith.
Your +4 spectral quarterstaff hits the wraith!
The wraith barely misses you. 😎 HP[+1]
Your hp is fully restored (88).
You hit the wraith.
Your +4 spectral quarterstaff hits the wraith.
You destroy the wraith!
You swap places.
Your +4 spectral quarterstaff disappears.
You now have 1178 gold pieces (gained 6).
You now have 1198 gold pieces (gained 20).
u - a wand of flame (52) (gained 11 charges)
L - a ring of flight
Things that are here:
a +0 short sword; a +0 cloak
d - 140 stones (gained 4)
d - 143 stones (gained 3) Key pressed, stopping explore.
You now have 1215 gold pieces (gained 17).
A boulder beetle comes into view.
A boulder beetle is nearby!
Found a potion of degeneration.
Found a stone staircase leading up.
A tengu warrior comes into view. It is wielding a +0 long sword.
The tengu warrior shouts!
The boulder beetle closely misses you.
You hit the boulder beetle.
Your +4 spectral quarterstaff hits the boulder beetle!
The boulder beetle bites you! 😕 HP[-11]
You take 11 damage, and now have 77/88 hp.
You hit the boulder beetle but do no damage.
Your +4 spectral quarterstaff hits the boulder beetle but does no damage.
The boulder beetle leaps! 😕 HP[+1]
Your +4 spectral quarterstaff disappears.
The tengu warrior closely misses you.
The tengu warrior pecks you but does no damage.
The tengu warrior claws you.
The boulder beetle curls into a ball and begins rolling!
You completely miss the tengu warrior. You grab the tengu warrior.
Your +4 spectral quarterstaff hits the tengu warrior!
You constrict the tengu warrior. The tengu warrior barely misses you.
The tengu warrior closely misses you. The tengu warrior claws you. 😕 HP[+1]
You hit the tengu warrior. The tengu warrior blocks your attack.
Your +4 spectral quarterstaff hits the tengu warrior!
You constrict the tengu warrior.
The tengu warrior completely misses you.
The tengu warrior misses you. The tengu warrior claws you. 😕 HP[-2]
You take 2 damage, and now have 77/88 hp.
You hit the tengu warrior.
Your +4 spectral quarterstaff hits the tengu warrior!
You constrict the tengu warrior.
The tengu warrior hits you with a +0 long sword.
The tengu warrior closely misses you.
The tengu warrior claws you but does no damage.
The boulder beetle hits you!!!
* * * LOW HITPOINT WARNING * * *
The boulder beetle stops rolling and uncurls. 😨 HP[-43]
You take 43 damage, and now have 34/88 hp.
MASSIVE DAMAGE!! (PAUSE)
The tengu warrior blocks your attack.
You squeeze the tengu warrior, but do no damage.
Your +4 spectral quarterstaff hits the tengu warrior.
You constrict the tengu warrior!
The tengu warrior hits you with a +0 long sword!
* * * LOW HITPOINT WARNING * * *
The tengu warrior closely misses you.
The tengu warrior claws you but does no damage.
The boulder beetle bites you!!
* * * LOW HITPOINT WARNING * * *
😱 HP[-32]
You take 32 damage, and now have 2/88 hp.
MASSIVE DAMAGE!! (PAUSE)
As you read the scroll of fear, it crumbles to dust.
You assume a fearsome visage.
The tengu warrior looks frightened!
The boulder beetle resists with some effort.
Your +4 spectral quarterstaff disappears.
You constrict the tengu warrior.
The tengu warrior struggles to escape constriction.
The boulder beetle bites you!!
You die...
Your body crumbles into a pile of gold.

Skill      XL: |  1  2  3  4  5  6  7  8  9 10 11 12 |
---------------+-------------------------------------+-----
Fighting       | 2 3 4 5 6 7 8 |  8.0
Dodging        | 3 4 5 6 7 8 |  8.0
Unarmed Combat | 4 5 6 |  6.4
Translocations | 1 2 4 5 |  5.0
Shapeshifting  | 4 5 6 7 |  7.2
Spellcasting   | 2 4 5 |  5.0
Staves         | 2 4 5 |  5.0
Necromancy     | 5 8 |  8.0
Earth Magic    | 5 10 | 10.7

Action                     |  1- 3 |  4- 6 |  7- 9 | 10-12 | 13-15 || total
---------------------------+-------+-------+-------+-------+-------++-------
  Melee: Unarmed           |    57 |   116 |   115 |       |       ||   288
         Constrict         |    20 |    28 |    45 |    58 |     2 ||   153
         Tentacles         |     8 |    36 |    46 |    91 |     6 ||   187
         Punch             |       |     3 |    10 |    23 |     3 ||    39
         Quarterstaff      |       |       |    50 |   343 |    23 ||   416
  Throw: Dart              |       |       |     2 |    20 |       ||    22
   Cast: Borgnjor's Vile C |       |       |       |    13 |       ||    13
         Lee's Rapid Decon |       |       |       |     2 |       ||     2
 Invoke: Potion Petition   |       |       |       |     1 |       ||     1
  Evoke: Wand              |       |       |       |    14 |       ||    14
    Use: Scroll            |     4 |     2 |     9 |     9 |     2 ||    26
         Potion            |       |     1 |     6 |     6 |       ||    13
   Stab: Sleeping          |     7 |    11 |     9 |     4 |     1 ||    32
         Distracted        |       |       |     2 |    10 |       ||    12
 Armour: Skin              |     2 |     3 |     6 |   105 |     5 ||   121
  Dodge: Dodged            |    30 |    64 |   101 |   283 |    17 ||   495

Levels and vault maps discovered:
D:1:      dpeg_arrival_tiny_d, layout_basic, minmay_tromino_i4
D:2:      layout_loops_ring, uniq_robin
D:3:      layout_loops_corners, lemuel_doored_altar, marbit_many_paths
D:4:      nicolae_BIG_FREAKIN_CUBE, layout_basic,
          mainiacjoe_overflow_tiny_flanked, hellmonk_ghost_happy_afterlife,
          uniq_blork_the_orc
D:5:      layout_rooms, serial_shops, nicolae_shop_tiny_glass,
          kennysheep_mini_moat, nicolae_lakefront_shop, minmay_statues_item
D:6:      layout_basic, temple_fountains, uniq_maggie, uniq_grinder
D:7:      gammafunk_the_bubble [the_bubble_gammafunk_split], layout_basic,
          gammafunk_temple_overflow_forgotten
D:8:      minmay_chambers_of_sixes, layout_rooms,
          nicolae_qazlal_style_of_elements,
          hangedman_abyss_or_decor_lesser_grid, minmay_misc_feat_five
D:9:      kennysheep_seaside_town, layout_basic, orc_david_3, serial_shops,
          shop, nicolae_shop_pleasant_corner_grove, shop, shop_fountains, shop,
          uniq_jeremiah, uniq_psyche, uniq_prince_ribbit1
D:10:     layout_loops_ring, elyvilon_altar_3, due_lair_maze_entry_diamond,
          ebering_ghost_disaster_area, nicolae_trove_entry_isolated,
          minmay_fountain_box, grunt_decor_mini_mirrors
D:11:     cheibrodos_elevator_heist, layout_gridville, uniq_sonja
D:12:     layout_rooms, serial_shops, bzr_entry_gold, gammafunk_ghost_mausoleum,
          blue_anna_alchemist
D:13:     layout_cave_pods, uniq_jorgrun, uniq_maurice, uniq_lodul
Temple:   nicolae_temple_bog_church

Notes
Turn   | Place    | Note
-------+----------+-------------------------------------------
     0 | D:1      | spiderkeys the Octopode Shapeshifter began the quest for
                  | the Orb.
     0 | D:1      | Reached XP level 1. HP: 13/13 MP: 1/1
     0 | D:1      | magus.rc [v1.11.6]
   272 | D:1      | Reached XP level 2. HP: 18/18 MP: 2/2
   468 | D:1      | Reached XP level 3. HP: 9/23 MP: 3/3
   842 | D:2      | Noticed Robin
   858 | D:2      | Killed Robin
   993 | D:2      | Reached XP level 4. HP: 29/29 MP: 4/4
   995 | D:2      | Reached skill level 2 in Fighting
  1144 | D:2      | You add the spells Kiss of Death, Confusing Touch and
                  | Dispel Undead to your library.
  1212 | D:2      | Identified the orb of Vehumet's Delight {*channel, Harm
                  | rElec}
  1843 | D:3      | Reached skill level 3 in Dodging
  1843 | D:3      | Reached XP level 5. HP: 30/35 MP: 5/5
  1957 | D:3      | Found a sparkling altar of Nemelex Xobeh.
  2086 | D:3      | HP: 7/35 [jackal (2)]
  2379 | D:3      | Reached skill level 4 in Unarmed Combat
  2380 | D:3      | You add the spells Blink, Momentum Strike and Lesser
                  | Beckoning to your library.
  2418 | D:3      | Learned a level 2 spell: Blink
  2547 | D:3      | Reached XP level 6. HP: 29/41 MP: 6/6
  2605 | D:3      | Reached skill level 3 in Fighting
  2640 | D:3      | Found a glowing golden altar of the Shining One.
  2783 | D:4      | Noticed Blork the orc
  2792 | D:4      | Killed Blork the orc
  2793 | D:4      | Reached skill level 1 in Translocations
  2793 | D:4      | Reached skill level 4 in Shapeshifting
  2857 | D:4      | You add the spells Summon Lightning Spire and Lee's Rapid
                  | Deconstruction to your library.
  2875 | D:4      | Found a basalt altar of Yredelemnul.
  2938 | D:4      | Reached XP level 7. HP: 46/46 MP: 7/7
  3056 | D:4      | Reached skill level 4 in Dodging
  3056 | D:4      | Reached skill level 2 in Translocations
  3243 | D:4      | You add the spells Summon Small Mammal, Call Canine
                  | Familiar and Summon Guardian Golem to your library.
  3373 | D:4      | Noticed bcImEvil's ghost (amateur HuWn)
  3410 | D:4      | Found a runed translucent door.
  3588 | D:5      | Entered Level 5 of the Dungeon
  3656 | D:5      | HP: 8/47 [orc priest/divine providence (11)]
  3669 | D:4      | HP: 9/47 [orc/+0 hand axe (4)]
  3733 | D:5      | Found Ynesso's Armour Shoppe.
  3743 | D:5      | Reached skill level 4 in Fighting
  3743 | D:5      | Reached skill level 5 in Unarmed Combat
  3743 | D:5      | Reached XP level 8. HP: 45/54 MP: 8/8
  3778 | D:4      | HP: 11/54 [ice beast (12)]
  3838 | D:5      | Reached skill level 3 in Translocations
  3965 | D:5      | Found Exoal's Assorted Antiques.
  4097 | D:5      | Found Itsueto's General Store.
  4206 | D:6      | Identified the +4 quarterstaff "Wiuwkyid" {drain, rPois}
  4381 | D:6      | Reached skill level 5 in Dodging
  4394 | D:6      | Reached skill level 5 in Shapeshifting
  4413 | D:6      | Found a staircase to the Ecumenical Temple.
  4424 | Temple   | Entered the Ecumenical Temple
  4544 | Temple   | Became a worshipper of Gozag Ym Sagoz the Greedy
  5081 | D:6      | Noticed Maggie
  5081 | D:6      | Noticed Grinder
  5088 | D:6      | Paralysed by Grinder for 5 turns
  5091 | D:6      | HP: 13/54 [Maggie/+0 long sword of flaming (10)]
  5092 | D:6      | HP: 4/54 [Maggie/+0 long sword of flaming (6)]
  5096 | D:6      | Killed Maggie
  5097 | D:6      | Reached skill level 5 in Fighting
  5097 | D:6      | Reached skill level 6 in Unarmed Combat
  5097 | D:6      | Reached skill level 4 in Translocations
  5097 | D:6      | Reached XP level 9. HP: 19/61 MP: 9/9
  5103 | D:6      | Killed Grinder
  5157 | D:6      | You add the spells Gell's Gravitas and Teleport Other to
                  | your library.
  5223 | D:6      | Learned a level 3 spell: Teleport Other
  5227 | D:6      | Learned a level 3 spell: Gell's Gravitas
  5300 | D:7      | Identified the +3 war axe of the Pillar {venom, rN+ Dex+4}
  5468 | D:7      | Noticed a two-headed ogre
  5504 | D:7      | HP: 12/60 [wight/+3 mace (13)]
  5506 | D:7      | Reached skill level 1 in Spellcasting
  5507 | D:7      | Reached skill level 6 in Dodging
  5723 | D:7      | Found a transporter.
  5738 | D:7      | Found a shimmering altar of Xom.
  5738 | D:7      | Found an ornate altar of the Wu Jian Council.
  5817 | D:7      | Reached skill level 1 in Staves
  5818 | D:7      | Reached skill level 5 in Translocations
  5938 | D:7      | Found a transporter.
  5964 | D:7      | Found a burning altar of Makhleb.
  5974 | D:7      | Reached skill level 6 in Fighting
  5974 | D:7      | Reached skill level 2 in Spellcasting
  6094 | D:7      | Reached skill level 6 in Shapeshifting
  6098 | D:7      | Reached skill level 2 in Staves
  6098 | D:7      | Reached XP level 10. HP: 30/68 MP: 13/13
  6099 | D:7      | HP: 16/68 [centaur (2)]
  6132 | D:7      | Killed a two-headed ogre
  6133 | D:7      | Reached skill level 3 in Spellcasting
  6142 | D:7      | Reached skill level 3 in Staves
  6224 | D:7      | HP: 12/69 [orc warrior/+0 dire flail (20)]
  6283 | D:7      | Reached skill level 7 in Dodging
  6315 | D:7      | You add the spells Orb of Destruction and Spellforged
                  | Servitor to your library.
  6499 | D:8      | Reached skill level 7 in Fighting
  6686 | D:8      | Reached skill level 4 in Staves
  6769 | D:8      | Found a stormy altar of Qazlal.
  6787 | D:8      | Reached skill level 4 in Spellcasting
  6872 | D:8      | Noticed a centaur warrior
  6888 | D:8      | Killed a centaur warrior
  6889 | D:8      | Reached XP level 11. HP: 65/75 MP: 17/17
  6904 | D:8      | Noticed a two-headed ogre
  6919 | D:8      | Killed a two-headed ogre
  6920 | D:8      | Reached skill level 7 in Shapeshifting
  6934 | D:8      | Noticed a two-headed ogre
  6942 | D:8      | Killed a two-headed ogre
  7059 | D:9      | Found Exilathi's Book Boutique.
  7060 | D:9      | Noticed Prince Ribbit
  7062 | D:9      | Found Rubbih's Magic Scroll Shop.
  7066 | D:9      | Killed Prince Ribbit
  7067 | D:9      | Reached skill level 8 in Dodging
  7071 | D:9      | Reached skill level 5 in Staves
  7108 | D:9      | Bought Lochen's Secrets of Misery for 598 gold pieces
  7108 | D:9      | You add the spells Cigotuvi's Dreadful Rot, Borgnjor's Vile
                  | Clutch and Infestation to your library.
  7114 | D:9      | Learned a level 5 spell: Borgnjor's Vile Clutch
  7144 | D:9      | Noticed a two-headed ogre
  7151 | D:9      | Killed a two-headed ogre
  7152 | D:9      | Reached skill level 1 in Necromancy
  7152 | D:9      | Reached skill level 1 in Earth Magic
  7332 | D:9      | Noticed Jeremiah
  7361 | D:9      | Killed Jeremiah
  7362 | D:9      | Reached skill level 5 in Spellcasting
  7362 | D:9      | Reached skill level 2 in Necromancy
  7362 | D:9      | Reached skill level 2 in Earth Magic
  7481 | D:9      | Found Muirghich's Armour Shop.
  7485 | D:9      | Found Iluf's Antique Weapon Emporium.
  7535 | D:9      | Found a staircase to the Orcish Mines.
  7538 | D:9      | Found Olon's Armour Boutique.
  7548 | D:9      | Reached skill level 8 in Fighting
  7685 | D:9      | Found Zegipt's Assorted Antiques.
  7689 | D:9      | Bought a potion of curing for 66 gold pieces
  7689 | D:9      | Bought a scroll labelled IHUPPI PANIA for 22 gold pieces
  7778 | D:9      | Reached skill level 3 in Necromancy
  7792 | D:9      | Reached skill level 3 in Earth Magic
  8121 | D:9      | Noticed Psyche
  8125 | D:9      | Killed Psyche
  8303 | D:9      | Reached skill level 4 in Necromancy
  8388 | D:10     | Entered Level 10 of the Dungeon
  8470 | D:10     | Reached skill level 4 in Earth Magic
  8471 | D:10     | Noticed a two-headed ogre
  8480 | D:10     | Killed a two-headed ogre
  8581 | D:10     | Reached skill level 5 in Necromancy
  8626 | D:10     | Found a white marble altar of Elyvilon.
  8705 | D:10     | Found a large runed translucent door.
  8723 | D:10     | Found a large runed translucent door.
  8725 | D:10     | Noticed notthatgreg's ghost (novice DEEn)
  8822 | D:10     | Found a portal to a secret trove of treasure.
  8857 | D:10     | Reached skill level 5 in Earth Magic
  8923 | D:10     | Reached XP level 12. HP: 74/82 MP: 19/19
  8928 | D:10     | Noticed a two-headed ogre
  8933 | D:10     | Found a staircase to the Lair.
  8936 | D:10     | Killed a two-headed ogre
  9064 | D:10     | Reached skill level 6 in Necromancy
  9072 | D:10     | Reached skill level 6 in Earth Magic
  9338 | D:11     | Noticed a centaur warrior
  9340 | D:11     | Noticed a centaur warrior
  9351 | D:11     | HP: 20/82 [gargoyle/+0 flail (8)]
  9444 | D:11     | Noticed Sonja
  9452 | D:11     | Killed Sonja
  9453 | D:11     | Reached skill level 7 in Necromancy
  9453 | D:11     | Reached skill level 7 in Earth Magic
  9600 | D:11     | Noticed a boulder beetle
  9627 | D:11     | Killed a boulder beetle
 10124 | D:11     | Reached skill level 8 in Necromancy
 10128 | D:11     | Reached skill level 8 in Earth Magic
 10210 | D:11     | Learned a level 5 spell: Lee's Rapid Deconstruction
 10274 | D:11     | Killed a centaur warrior
 10556 | D:11     | Killed a centaur warrior
 10557 | D:11     | Reached skill level 9 in Earth Magic
 10602 | D:11     | Identified the +6 morningstar of Blind Justice {drain,
                  | Int+5 Dex-4}
 10846 | D:12     | Reached skill level 10 in Earth Magic
 10856 | D:12     | Found a flickering gateway to a bazaar.
 10895 | Bazaar   | Entered a bazaar
 10902 | Bazaar   | Found Nem Ysoo's Assorted Antiques.
 10930 | Bazaar   | Found Adow's Book Shoppe.
 10955 | Bazaar   | Found Talij's Assorted Antiques.
 10960 | Bazaar   | Bought a scroll of enchant weapon for 120 gold pieces
 10971 | Bazaar   | Found Toalosie's Armour Shoppe.
 11010 | D:12     | Found a transporter.
 11011 | D:12     | Noticed pokeman's ghost (journeyman DEHW)
 11019 | D:12     | Noticed a death knight
 11088 | D:12     | Reached XP level 13. HP: 80/88 MP: 20/20
 11267 | D:13     | Noticed Maurice
 11273 | D:13     | Killed Maurice
 11336 | D:13     | HP: 20/88 [tengu warrior/+0 long sword (15)]
 11336 | D:13     | HP: 2/88 [boulder beetle (18)]
 11337 | D:13     | Demolished by a boulder beetle

Vanquished Creatures
  3 centaur warriors
  6 two-headed ogres
  A boulder beetle (D:11)
  Sonja (D:11)
  Jeremiah (D:9)
  A manticore (D:11)
  3 cyclopes
  2 ugly things
  Maurice (D:13)
  3 gargoyles
  Maggie (D:6)
  Psyche (D:9)
  3 trolls
  Grinder (D:6)
  Prince Ribbit (D:9)
  2 shadows
  A vampire (D:8)
  4 slime creatures
  3 wraiths
  18 yaks
  3 steam dragons
  2 wyverns
  4 vampire mosquitoes (D:11)
  5 water moccasins
  2 acid dragons
  4 black bears
  10 orc warriors
  3 ice beasts
  5 centaurs
  5 ogres
  A phantom (D:6)
  Blork the orc (D:4)
  3 kobold brigands
  6 bullfrogs
  2 gnoll sergeants
  4 scorpions
  9 wights (D:7)
  3 killer bees (D:10)
  8 howler monkeys
  3 hounds
  4 orc priests
  6 gnoll boudas
  4 jellies
  4 iguanas
  6 orc wizards
  Robin (D:2)
  27 gnolls
  9 adders
  2 shadow imps
  2 white imps (D:8)
  4 ufetubi
  3 worms (D:2)
  2 dart slugs
  44 orcs
  9 ball pythons
  5 bats
  5 endoplasms
  3 giant cockroaches
  13 goblins
  10 hobgoblins
  6 jackals (D:3)
  15 kobolds
  4 quokkas
  A frilled lizard (D:3)
  6 rats
335 creatures vanquished.

Vanquished Creatures (others)
  A spectral weapon (D:11)
1 creature vanquished.

Grand Total: 336 creatures vanquished

Table legend:
 A = Non-vault XP
 B = Vault XP
 C = Vault XP percentage of total XP
 D = Non-vault monster count
 E = Vault monster count
 F = Vault count percentage of total count
                 A         B        C        D         E       F
            +---------+---------+-------+---------+---------+-------
      Total |   18633 |   15056 |  44.7 |     246 |      89 |  26.6
            +---------+---------+-------+---------+---------+-------
        D:1 |      31 |       5 |  13.9 |      16 |       3 |  15.8
        D:2 |      72 |      35 |  32.7 |      19 |      11 |  36.7
        D:3 |     247 |       2 |   0.8 |      33 |       1 |   2.9
        D:4 |     572 |     100 |  14.9 |      26 |       1 |   3.7
        D:5 |     558 |       0 |   0.0 |      19 |       0 |   0.0
        D:6 |     680 |     686 |  50.2 |      13 |       2 |  13.3
        D:7 |    1841 |    2286 |  55.4 |      31 |      14 |  31.1
        D:8 |    1214 |    2738 |  69.3 |      21 |       6 |  22.2
        D:9 |    1633 |    3018 |  64.9 |      18 |      32 |  64.0
       D:10 |    4061 |    1855 |  31.4 |      21 |      10 |  32.3
       D:11 |    4139 |    3791 |  47.8 |      17 |       7 |  29.2
       D:12 |    3357 |      95 |   2.8 |      11 |       1 |   8.3
       D:13 |     228 |     445 |  66.1 |       1 |       1 |  50.0
            +---------+---------+-------+---------+---------+-------

Skill      XL: |  1  2  3  4  5  6  7  8  9 10 11 12 |
---------------+-------------------------------------+-----
Fighting       | 2 3 4 5 6 7 8 |  8.0
Dodging        | 3 4 5 6 7 8 |  8.0
Unarmed Combat | 4 5 6 |  6.4
Translocations | 1 2 4 5 |  5.0
Shapeshifting  | 4 5 6 7 |  7.2
Spellcasting   | 2 4 5 |  5.0
Staves         | 2 4 5 |  5.0
Necromancy     | 5 8 |  8.0
Earth Magic    | 5 10 | 10.7

Action                     |  1- 3 |  4- 6 |  7- 9 | 10-12 | 13-15 || total
---------------------------+-------+-------+-------+-------+-------++-------
  Melee: Unarmed           |    57 |   116 |   115 |       |       ||   288
         Constrict         |    20 |    28 |    45 |    58 |     2 ||   153
         Tentacles         |     8 |    36 |    46 |    91 |     6 ||   187
         Punch             |       |     3 |    10 |    23 |     3 ||    39
         Quarterstaff      |       |       |    50 |   343 |    23 ||   416
  Throw: Dart              |       |       |     2 |    20 |       ||    22
   Cast: Borgnjor's Vile C |       |       |       |    13 |       ||    13
         Lee's Rapid Decon |       |       |       |     2 |       ||     2
 Invoke: Potion Petition   |       |       |       |     1 |       ||     1
  Evoke: Wand              |       |       |       |    14 |       ||    14
    Use: Scroll            |     4 |     2 |     9 |     9 |     2 ||    26
         Potion            |       |     1 |     6 |     6 |       ||    13
   Stab: Sleeping          |     7 |    11 |     9 |     4 |     1 ||    32
         Distracted        |       |       |     2 |    10 |       ||    12
 Armour: Skin              |     2 |     3 |     6 |   105 |     5 ||   121
  Dodge: Dodged            |    30 |    64 |   101 |   283 |    17 ||   495

Illustrated notes

Table legend:
 A = Kills in this place as a percentage of kills in the entire game.
 B = Kills by you in this place as a percentage of kills by you in the entire game.
 C = Kills by friends in this place as a percentage of kills by friends in the entire game.
 D = Other kills in this place as a percentage of other kills in the entire game.
 E = Experience gained in this place as a percentage of experience gained in the entire game.
 F = Experience gained in this place divided by the number of levels of this place that you have seen.
                   A       B       C       D       E      F
               +-------+-------+-------+-------+-------+----------------------
         Total | 100.0 | 100.0 |   N/A |   N/A | 100.0 | 2245.9
       Dungeon | 100.0 | 100.0 |   N/A |   N/A | 100.0 | 2591.5
               +-------+-------+-------+-------+-------+----------------------

Table legend: (Time is in decaauts)
 A = Elapsed time spent in this place.
 B = Non-inter-level travel time spent in this place.
 C = Inter-level travel time spent in this place.
 D = Time resting spent in this place.
 E = Time spent auto-exploring this place.
 F = Levels seen in this place.
 G = Mean time per level.
                   A        B        C        D        E       F      G
               +--------+--------+--------+--------+--------+-----+--------+
         Total |  11347 |  10818 |    529 |    802 |   7726 |  15 |  756.5 |
       Dungeon |  11096 |  10604 |    492 |    702 |   7631 |  13 |  853.5 |
        Temple |    139 |    102 |     37 |    100 |      0 |   1 |  139.0 |
        Bazaar |    111 |    111 |      0 |      0 |     95 |   1 |  111.0 |
               +--------+--------+--------+--------+--------+-----+--------+

Top non-repeatable levels by time:
     D:9: 1334 daAuts
    D:10: 1229 daAuts
     D:7: 1178 daAuts
    D:11: 1022 daAuts
     D:3: 981 daAuts
     D:6: 974 daAuts
     D:4: 936 daAuts
     D:2: 896 daAuts
     D:1: 894 daAuts
     D:8: 612 daAuts
    D:12: 513 daAuts
     D:5: 450 daAuts
  Temple: 139 daAuts
  Bazaar: 111 daAuts
    D:13: 70 daAuts
